Map: Flooded City

Players

Odin - Winner!

  • Race: Protoss Protoss
  • League: Gold
  • Spawn Location: 6:00

keyser - Winner!

  • Race: Terran Terran
  • Spawn Location: 6:00

JimRaynards

  • Race: Zerg Zerg
  • Spawn Location: 12:00

Skritenhimer

  • Race: Protoss Protoss
  • Spawn Location: 12:00

VOD

Have the link to the VOD?

Description

Time

  • Played on: Aug. 29, 2018, 9:22 a.m.
  • Length: 18:02
Show
View Real Time Build Order
Export as new Build Order

Odin Protoss - Winner!

Build Orders:  

Get SALT Encoding   

  12  0:01  Probe  
  13  0:20  Probe, Pylon  
  13  0:28  Probe  
  14  0:29  Assimilator  
  15  0:45  Gateway  
  15  0:57  Gateway  
  15  1:03  Pylon  
  15  1:06  Probe  
  16  1:14  Probe  
  17  1:34  Cybernetics Core  
  17  1:36  Probe  
  18  1:41  Assimilator  
  18  1:49  Probe  
  19  2:00  Probe  
  19  2:08  Probe  
  20  2:10  Warp Gate  
  21  2:18  Probe  
  22  2:23  Stargate  
  22  2:34  Probe  
  23  2:37  Adept x2  
  27  3:07  Gateway  
  27  3:08  Gateway  
  27  3:21  Adept x2  
  30  4:09  Probe  
  31  4:21  Pylon  
  31  4:22  Pylon  
  31  4:24  Pylon  
  31  4:25  Pylon  
  31  4:39  Oracle  
  31  4:43  Robotics Facility  
  34  4:45  Twilight Council  
  34  4:48  Zealot x4  
  42  5:07  Oracle  
  45  5:24  Charge  
  45  5:33  Sentry x2  
  45  5:34  Sentry x2  
  53  5:49  Nexus  
  53  5:55  Immortal  
  57  6:16  Adept  
  57  6:17  Adept x3  
  59  6:59  Immortal  
  63  7:02  Adept x3  
  63  7:04  Resonating Glaives  
  63  7:05  Adept  
  71  7:16  Probe  
  71  7:17  Probe  
  73  7:29  Probe x2  
  75  7:31  Sentry  
  77  7:39  Pylon  
  77  7:40  Pylon  
  77  7:41  Probe  
  78  7:45  Pylon  
  78  7:57  Phoenix  
  80  8:09  Robotics Facility  
  80  8:19  Stargate  
  80  8:25  Gateway  
  67  8:58  Forge  
  67  9:00  Pylon  
  67  9:02  Phoenix  
  69  9:06  Oracle  
  72  9:30  Shield Battery  
  72  9:32  Photon Cannon  
  72  9:35  Photon Cannon  
  72  9:36  Shield Battery  
  72  9:40  Probe  
  73  10:07  Gateway  
  73  10:10  Probe  
  73  10:11  Probe  
  75  10:23  Probe x2  
  77  10:35  Probe  
  78  11:17  Stalker  
  78  11:18  Stalker x4  
  86  11:25  Probe  
  88  11:28  Probe  
  88  11:31  Phoenix x2  
  94  11:33  Probe  
  94  11:37  Assimilator  
  95  11:41  Probe x2, Adept  
  95  11:42  Adept  
  95  11:46  Protoss Ground Weapons Level 1  
  101  11:49  Probe x2  
  103  11:57  Probe x2  
  104  12:03  Assimilator  
  104  12:07  Probe  
  106  12:19  Pylon  
  106  12:20  Pylon  
  106  12:22  Pylon  
  106  12:23  Pylon  
  106  12:33  Nexus  
  100  12:38  Stalker  
  100  13:20  Probe x2  
  102  13:32  Probe x2  
  104  13:35  Templar Archives  
  104  13:44  Probe x2  
  104  13:47  Pylon, Photon Cannon  
  106  13:48  Photon Cannon  
  106  13:54  Photon Cannon  
  106  13:56  Probe  
  106  13:59  Probe x2  
  109  14:08  Probe  
  110  14:11  Probe x2  
  103  15:01  Phoenix x2  
  103  15:06  Immortal  
  111  15:09  Zealot x2  
  111  15:10  Zealot x4  
  123  15:15  Probe x3  
  123  15:19  Pylon  
  126  15:21  Pylon  
  126  15:27  Probe x3  
  129  15:29  Gateway  
  129  15:30  Gateway  
  129  15:35  Gateway x2  
  129  15:46  Warp Prism  
  131  15:53  Void Ray  
  131  15:54  Void Ray  
  139  16:03  High Templar x4  
  139  16:04  High Templar x2  
  151  16:07  Archon  
  151  16:11  Assimilator  
  151  16:32  Assimilator, Nexus  
  151  16:35  Assimilator  
  151  16:36  Assimilator  
  151  16:37  Photon Cannon  
  151  16:39  Photon Cannon  
  151  16:40  Photon Cannon  
  151  17:02  Gateway  
  151  17:05  Gateway  
  151  17:09  Pylon x2  
  151  17:11  Pylon  
  151  17:12  Pylon x2  
  151  17:14  Forge  
  151  17:15  Forge  
  151  17:23  Cybernetics Core  
  151  17:24  Stalker x3  
  151  17:25  Stalker  
  151  17:29  High Templar x2  
  163  17:30  High Templar  
  163  17:32  High Templar  
  163  17:33  Archon  
  163  17:36  Archon  
Show
View Real Time Build Order
Export as new Build Order

keyser Terran - Winner!

Build Orders:  

Get SALT Encoding   

  12  0:01  SCV  
  13  0:13  SCV  
  14  0:19  Supply Depot  
  14  0:27  SCV  
  15  0:40  SCV  
  15  0:42  Barracks  
  16  0:55  Refinery, SCV  
  17  1:08  SCV  
  18  1:20  SCV  
  18  1:23  Refinery  
  19  1:29  Supply Depot  
  19  1:38  Orbital Command  
  19  1:42  Reaper  
  20  1:56  Supply Depot  
  20  2:03  SCV  
  21  2:11  Factory  
  21  2:54  Factory  
  21  3:08  Factory Tech Lab  
  21  3:12  Barracks Tech Lab, Starport  
  21  3:32  Siege Tank  
  23  3:46  Supply Depot  
  23  4:13  Factory Tech Lab  
  23  4:15  Starport Reactor  
  23  4:25  SCV  
  24  4:35  Engineering Bay  
  24  4:37  SCV  
  25  4:39  Armory  
  25  4:56  Siege Tank  
  25  4:57  Siege Tank  
  31  5:19  Liberator  
  30  5:29  Hellion  
  30  5:30  Hellion  
  37  5:47  Command Center  
  37  5:48  SCV  
  36  6:05  Thor  
  26  6:25  SCV  
  27  6:37  SCV  
  28  6:49  SCV  
  29  7:01  SCV  
  30  7:13  SCV  
  31  7:25  SCV  
  31  7:29  Thor  
  35  7:54  Thor  
  41  8:00  Missile Turret  
  41  8:11  SCV  
  41  8:12  Thor  
  48  8:22  Orbital Command  
  48  8:25  Missile Turret  
  47  8:55  Sensor Tower  
  47  8:56  SCV  
  47  8:59  SCV  
  49  9:07  Terran Vehicle Weapons Level 1  
  49  9:08  SCV  
  50  9:14  Missile Turret  
  50  9:20  SCV  
  51  9:33  SCV  
  52  9:56  Missile Turret  
  52  9:59  Missile Turret  
  52  10:06  SCV  
  53  10:07  Command Center  
  53  10:20  Supply Depot  
  53  10:28  SCV  
  54  10:42  Siege Tank, SCV  
  58  10:52  Raven  
  58  10:54  SCV  
  61  11:15  Thor  
  55  11:33  SCV  
  55  11:38  SCV  
  57  11:42  Refinery  
  57  11:45  Refinery, SCV  
  58  11:50  Terran Vehicle Weapons Level 2, SCV  
  59  11:57  SCV  
  60  12:02  SCV  
  61  12:09  SCV  
  61  12:15  SCV  
  63  12:21  SCV  
  64  12:27  SCV  
  65  12:33  SCV  
  60  12:51  SCV  
  60  13:03  SCV  
  61  13:15  SCV, Planetary Fortress  
  62  13:25  SCV  
  63  13:27  SCV  
  64  13:37  SCV  
  64  13:39  SCV  
  66  13:49  SCV  
  66  13:51  SCV  
  68  13:58  Thor  
  68  13:59  Siege Tank  
  77  14:16  Supply Depot  
  77  14:19  Supply Depot  
  77  14:30  Supply Depot  
  77  14:31  Supply Depot  
  77  14:35  Supply Depot  
  77  14:37  Armory  
  77  14:38  Thor, SCV x2  
  85  14:41  Siege Tank  
  85  14:44  SCV  
  89  14:50  SCV x2  
  91  14:56  SCV  
  92  15:02  SCV x2  
  94  15:07  Terran Vehicle Weapons Level 3  
  94  15:08  SCV  
  94  15:13  Thor  
  101  15:14  SCV x2  
  101  15:17  Liberator  
  101  15:20  SCV  
  101  15:21  Siege Tank  
  107  15:26  SCV x2  
  109  15:29  Supply Depot  
  109  15:30  Supply Depot  
  109  15:33  Supply Depot x2  
  112  15:38  SCV  
  113  15:50  SCV  
  113  15:53  Missile Turret, Hellbat  
  118  15:57  Hellbat  
  118  16:00  Liberator x2, Terran Ship Weapons Level 1  
  118  16:14  Hellbat  
  118  16:18  Hellbat  
  128  16:36  Siege Tank  
  128  16:39  Siege Tank  
  134  16:40  Command Center  
  134  16:43  Refinery  
  134  16:44  Refinery  
  134  17:08  Hellbat  
  136  17:12  Hellbat  
  138  17:29  Hellbat  
  140  17:31  Refinery x2  
  140  17:33  Hellbat  
Show
View Real Time Build Order
Export as new Build Order

JimRaynards Zerg 

Build Orders: Hatch First 

Get SALT Encoding   

  12  0:01  Drone  
  13  0:09  Drone  
  14  0:18  Overlord  
  14  0:36  Drone x3  
  17  0:48  Drone  
  18  0:57  Hatchery  
  18  1:02  Drone  
  18  1:15  Spawning Pool  
  18  1:18  Drone  
  18  1:21  Drone  
  18  1:24  Extractor  
  18  1:30  Drone  
  19  1:41  Drone  
  20  1:59  Overlord  
  20  2:02  Queen  
  22  2:09  Queen  
  22  2:12  Zergling x4  
  22  2:15  Zergling x2  
  27  2:24  Zergling x2  
  27  2:25  Zergling x2  
  29  2:40  Metabolic Boost  
  29  2:42  Zergling x6  
  32  2:53  Zergling x4  
  34  3:09  Lair  
  29  3:37  Zergling x14  
  31  4:12  Zergling x10  
  36  4:17  Pneumatized Carapace  
  36  4:19  Overlord  
  36  4:20  Overlord x3  
  36  4:33  Evolution Chamber  
  35  5:29  Hatchery  
  22  6:30  Hydralisk Den  
  21  6:54  Spire  
  20  7:10  Zergling x22  
  20  7:11  Zergling x30  
  46  7:22  Extractor  
  40  8:04  Drone x11  
  32  8:47  Drone x9  
  37  9:02  Extractor  
  37  9:03  Extractor  
  37  9:06  Zerg Missile Weapons Level 1  
  35  9:13  Drone  
  35  9:14  Drone x2  
  35  9:15  Drone x3  
  41  10:03  Overlord x2  
  41  10:13  Mutalisk x9  
  59  10:51  Spore Crawler  
  59  10:52  Spore Crawler  
  49  10:58  Drone x4  
  49  10:59  Drone x10  
  56  11:06  Corruptor x3  
  45  11:30  Mutalisk  
  45  11:31  Mutalisk x2  
  51  11:50  Drone  
  51  11:51  Drone x7  
  51  13:01  Corruptor  
  51  13:02  Corruptor x5  
  43  14:23  Hatchery  
  42  14:25  Queen  
  42  14:26  Hatchery, Queen  
  42  14:28  Hatchery, Zergling x8  
  42  14:29  Zergling x34  
  42  14:30  Hatchery  
  64  14:35  Zerg Ground Armor Level 1  
  59  16:13  Zergling x2  
  59  16:14  Zergling x48  
  59  16:15  Zergling x4  
  86  16:39  Mutalisk  
  86  16:40  Mutalisk x12  
  86  16:43  Overlord x4  
  112  17:03  Mutalisk  
  112  17:04  Mutalisk x10  
Show
View Real Time Build Order
Export as new Build Order

Skritenhimer Protoss 

Build Orders:  

Get SALT Encoding   

  12  0:02  Probe  
  13  0:14  Probe  
  14  0:26  Probe, Pylon  
  15  0:44  Probe  
  15  0:49  Gateway  
  16  0:55  Probe  
  17  1:01  Gateway  
  17  1:03  Probe  
  18  1:11  Probe  
  19  1:22  Probe  
  20  1:34  Gateway  
  20  1:35  Probe  
  20  1:39  Zealot  
  23  1:48  Pylon  
  23  1:53  Pylon  
  23  2:06  Probe, Zealot  
  23  2:08  Zealot  
  28  2:33  Zealot  
  30  2:53  Zealot  
  30  2:54  Zealot  
  34  3:00  Nexus  
  34  3:27  Zealot x2  
  36  3:36  Zealot  
  38  3:51  Probe  
  38  3:54  Zealot  
  37  3:56  Zealot  
  39  4:09  Probe  
  38  4:12  Zealot  
  40  4:21  Probe  
  41  4:26  Zealot x2  
  45  4:34  Probe  
  46  4:39  Zealot  
  46  4:42  Cybernetics Core  
  48  4:46  Probe  
  49  4:53  Zealot x2  
  53  5:09  Probe  
  54  5:23  Pylon  
  54  5:25  Pylon  
  54  5:27  Pylon  
  54  5:41  Probe x2  
  56  5:53  Probe x2  
  46  6:05  Probe x2  
  44  6:14  Zealot  
  44  6:17  Probe  
  19  6:41  Zealot  
  18  7:40  Probe  
  19  7:50  Probe  
  20  7:52  Probe  
  21  8:02  Probe  
  21  8:04  Probe  
  23  8:14  Probe, Assimilator  
  23  8:16  Probe  
  25  8:27  Probe  
  26  8:28  Probe  
  27  8:39  Probe  
  27  8:40  Probe  
  29  8:51  Probe  
  30  9:04  Probe  
  30  9:06  Probe  
  32  9:12  Probe  
  32  9:14  Probe  
  33  9:20  Probe  
  33  9:23  Probe, Assimilator  
  36  9:31  Probe  
  36  9:35  Probe  
  38  9:44  Probe  
  39  9:47  Probe  
  40  9:56  Probe  
  40  9:59  Probe  
  42  10:08  Probe  
  42  10:12  Probe  
  44  10:15  Assimilator  
  44  10:20  Probe  
  45  10:24  Probe, Assimilator  
  45  10:32  Probe  
  8  12:12  Probe  
  9  12:16  Probe  
  10  12:24  Probe  
  10  12:28  Probe  
  12  12:36  Probe  
  13  12:40  Probe  
  14  12:48  Probe  
  15  12:52  Probe  
  16  13:00  Probe  
  16  13:04  Probe  
  8  15:11  Probe  
  9  15:24  Probe  
  10  15:35  Probe  
  11  15:43  Probe  
  12  15:51  Probe  
  13  16:02  Probe  
  14  16:08  Probe  
  15  16:14  Probe  
  16  16:20  Probe  
  17  16:32  Probe  
  18  17:04  Probe  
  19  17:16  Probe  
Tags
 
Add a new tag
Caveats
  • Supply blocks, unpowered buildings, or Contaminate may cause inaccurate times.
  • Supply counts are checked every 10 seconds.